 Dungeon Crawl Stone Soup version 0.25-a0-110-ge29c8f2358 (webtiles) character file.

Game seed: 1229925533982088769, levelgen mode: deterministic

4 Esekla the Firebug (level 1, -1/14 HPs)
             Began as a Demonspawn Wanderer on Nov 19, 2019.
             Slain by a hobgoblin (4 damage)
             ... on level 1 of the Dungeon.
             The game lasted 00:01:52 (129 turns).

Esekla the Firebug (Demonspawn Wanderer)             Turns: 129, Time: 00:01:52

Health: -1/14      AC:  2    Str:  9    XL:     1   Next: 50%
Magic:  3/3        EV: 11    Int: 12    God:
Gold:   7          SH:  0    Dex: 16    Spells: 3/4 levels left

rFire    . . .     SeeInvis .   a - +2 dagger
rCold    . . .     Gourm    .   (no shield)
rNeg     . . .     Faith    .   e - +0 robe
rPois    .         Spirit   .   (no helmet)
rElec    .         Reflect  .   d - -1 cloak (curse)
rCorr    .         Harm     .   (no gloves)
MR       .....                  (no boots)
Stlth    ++........             (no amulet)
HPRegen  0.04/turn              (no ring)
MPRegen  0.08/turn              (no ring)

@: no status effects
A: no striking features
a: no special abilities


You were on level 1 of the Dungeon.
You were not hungry.

You visited 1 branch of the dungeon, and saw 1 of its levels.

You collected 7 gold pieces.

Inventory:

Hand Weapons
 a - a +2 dagger (weapon)
Armour
 d - a cursed -1 cloak (worn)
 e - a +0 robe (worn)
Scrolls
 b - a scroll of fear
Potions
 c - a potion of curing {unknown}
Comestibles
 f - a ration


   Skills:
 * Level 0.6 Fighting
 + Level 1.7 Stealth
 + Level 2.0 Spellcasting
 * Level 0.2 Conjurations
   Level 2.6 Transmutations
 + Level 2.7 Fire Magic


You had 3 spell levels left.
You knew the following spells:

 Your Spells              Type           Power        Failure   Level  Hunger
a - Flame Tongue          Conj/Fire      #....        14%         1    ##.....

Your spell library contained the following spells:

 Spells                   Type           Power        Failure   Level  Hunger
 Sticks to Snakes         Tmut           #.......     14%         2    ###....
 Passwall                 Tmut/Erth      #.......     24%         2    ###....
 Conjure Flame            Conj/Fire      #.......     41%         3    ####...


Dungeon Overview and Level Annotations

Branches:
Dungeon (1/15)

Altars:


Message History

The bat completely misses you. The bat closely misses you.
You hit the bat but do no damage.
The bat is severely wounded.
The bat closely misses you. The bat hits you but does no damage.
You barely miss the bat.
The bat is severely wounded.
The bat hits you but does no damage.
You hit the hobgoblin.
The hobgoblin is heavily wounded.
The hobgoblin barely misses you. The bat closely misses you.
You hit the hobgoblin but do no damage.
The hobgoblin is heavily wounded.
The bat hits you but does no damage. The hobgoblin hits you.
The bat barely misses you. x2; The hobgoblin hits you.
* * * LOW HITPOINT WARNING * * *
The bat closely misses you.
You barely miss the hobgoblin.
The hobgoblin is heavily wounded.
The hobgoblin hits you.
You die...

.... #...##.#..#.#..# ...#
#...##†#..#.#..# #.# #
#............ # #.###
..#.##..##.#..#.#..# ....
.................... ....
#..##..##.#..#.##. . #.## #.
#..##.#..#.# ..
#.###..#..##$.##.#..#.# ...
..........##...#@#..#.##....
#.###..#.......g............
.......#............†.##....
#.###.##....................
#.###.##..###.#..#....##....
.†..........................
#.....................##....
......................# ...
#.###.##.####.##..#...# ..


You could see a hobgoblin.

Vanquished Creatures
  A goblin (D:1)
  A kobold (D:1)
  A bat (D:1)
  A frilled lizard (D:1)
4 creatures vanquished.

Notes
Turn   | Place    | Note
-------+----------+-------------------------------------------
     0 | D:1      | Esekla the Demonspawn Wanderer began the quest for the Orb.
     0 | D:1      | Esekla set off with the following items: a +2 dagger, a
                  | scroll of fear, a +0 robe, a ration; and the following
                  | spell memorised: Flame Tongue; and the following spells
                  | available to memorise: Sticks to Snakes, Passwall, Conjure
                  | Flame
     0 | D:1      | Reached XP level 1. HP: 13/13 MP: 3/3
   129 | D:1      | Slain by a hobgoblin

Levels and vault maps discovered:
D:1:      tarquinn_simple_flora_water_f, layout_basic

Action                   || total
-------------------------++-------
Melee: Dagger            ||    20
  Use: Scroll            ||     1
 Stab: Sleeping          ||     1
Armor: Robe              ||    13
Dodge: Dodged            ||    21

Table legend:
 A = Non-vault XP
 B = Vault XP
 C = Vault XP percentage of total XP
 D = Non-vault monster count
 E = Vault monster count
 F = Vault count percentage of total count
                 A         B        C        D         E       F
            +---------+---------+-------+---------+---------+-------
      Total |       6 |       0 |   0.0 |       4 |       0 |   0.0
            +---------+---------+-------+---------+---------+-------
        D:1 |       6 |       0 |   0.0 |       4 |       0 |   0.0
            +---------+---------+-------+---------+---------+-------
